 Dungeon Crawl Stone Soup version 0.30-a0-860-g512cf1e979 (webtiles) character file.

Game seed: 9166112131054133967

1516 Newt the Cudgeller (level 8, -8/93 HPs)
             Began as a Demonspawn Gladiator on Mar 7, 2023.
             Mangled by Prince Ribbit (11 damage)
             ... on level 6 of the Dungeon.
             The game lasted 00:08:07 (5496 turns).

Newt the Cudgeller (Demonspawn Gladiator)           Turns: 5496, Time: 00:08:07

Health: -8/93      AC: 24    Str: 16    XL:     8   Next: 53%
Magic:  8/8        EV:  2    Int:  9    God:
Gold:   308        SH:  0    Dex: 16    Spells: 7/7 levels left

rFire   . . .      SeeInvis +    k - +6 great mace
rCold   . . .      Faith    .    (shield currently unavailable)
rNeg    . . .      Spirit   .    h - melded +0 scale mail {rF+}
rPois   +          Reflect  .    c - melded +0 helmet
rElec   .          Rampage  .    x - melded +1 cloak {rCorr}
rCorr   .          NoTele   +    (gloves currently unavailable)
Will    .....                    (boots currently unavailable)
Stlth   +                        (no amulet)
HPRegen 0.35/turn                t - ring of poison resistance
MPRegen 0.11/turn                f - ring of flight

@: tree-form, invisible
A: stationary, stasis, torment immunity, boosted hp, powered by death 1, demonic
magic 2, (weakness stinger 1), see invisible
a: no special abilities


You were on level 6 of the Dungeon.
You were a tree.
You visited 1 branch of the dungeon, and saw 6 of its levels.
You also visited: Sewer.

You collected 308 gold pieces.

Inventory:

Hand Weapons
 a - a +0 rapier
 d - a +3 flail of draining
 k - a +6 great mace (weapon)
Missiles
 e - a javelin
 y - 6 boomerangs (quivered)
 z - a boomerang of dispersal
 A - 3 poisoned darts
Armour
 b - a +0 leather armour
 c - a +0 helmet (melded)
 h - a +0 scale mail of fire resistance (melded)
 i - a +0 cloak
 n - a +2 cloak
 x - a +1 cloak of preservation (melded)
 E - a +0 pair of gloves
Jewellery
 f - a ring of flight (right branch)
 t - a ring of poison resistance (left branch)
Scrolls
 o - 3 scrolls of enchant armour
 q - 3 scrolls of teleportation
 r - a scroll of fog
 u - a scroll of noise {unknown}
 w - a scroll of summoning {unknown}
 B - a scroll of vulnerability {unknown}
Potions
 g - 3 potions of mutation
 j - 7 potions of flight
 l - a potion of brilliance {unknown}
 m - a potion of magic
 p - a potion of curing {unknown}
 s - 3 potions of lignification
 v - a potion of degeneration {unknown}
 C - a potion of invisibility
 D - 2 potions of berserk rage {unknown}


   Skills:
 - Level 5.0 Fighting
 - Level 4.0 Short Blades
 + Level 5.2 Maces & Flails
 - Level 5.0 Throwing
 - Level 4.0 Armour
 - Level 2.6 Dodging


You had 7 spell levels left.
You didn't know any spells.
Your spell library contained the following spells:

 Spells                   Type           Power      Damage    Failure   Level
 Kiss of Death            Conj/Necr      0%         2d5       38%         1
 Confusing Touch          Hex            0%         N/A       77%         3
 Dazzling Flash           Conj/Hex       0%         N/A       77%         3
 Dispel Undead            Necr           0%         3d6       99%         4
 Iskenderun's Mystic Bla  Conj/Tloc      0%         2d3       99%         4
 Agony                    Necr           0%         N/A       100%        5
 Silence                  Hex/Air        0%         N/A       100%        5
 Starburst                Conj/Fire      0%         6d3       100%        6


Dungeon Overview and Level Annotations

Branches:
Dungeon (6/15)              Sewer (visited)
 Temple: D:4-7

Altars:
Wu Jian

Shops:
D:2 [

Annotations:
D:6 Prince Ribbit


Innate Abilities, Weirdness & Mutations

You are a tree.
Your roots penetrate the ground, keeping you stationary.
You cannot be teleported.
You are immune to unholy pain and torment.
Your maximum health is greatly increased.
Your equipment is partially melded.
You regenerate a little health from kills.
Spells you cast may paralyse nearby enemies.
((You have a small tail.))
You have supernaturally acute eyesight. (SInv)


Message History

Prince Ribbit hits you!
The bullfrog hits you but does no damage.
Prince Ribbit hits you! The bullfrog hits you! Prince Ribbit hits you!
You thump Prince Ribbit!
Prince Ribbit is heavily wounded.
The bullfrog hits you. Prince Ribbit hits you!
* * * LOW HITPOINT WARNING * * *
The bullfrog hits you.
* * * LOW HITPOINT WARNING * * *
Prince Ribbit closely misses you.
Okay, then.
Unknown command.
Okay, then.
It was a potion of lignification.
You turn into a tree.
Your +1 cloak of preservation melds into your body.
Your +0 helmet melds into your body.
Your +0 scale mail of fire resistance melds into your body.
You feel less resistant to fire.
Your roots penetrate the ground.
The bullfrog hits you but does no damage.
Prince Ribbit hits you but does no damage.
The bullfrog hits you but does no damage.
You miss Prince Ribbit.
Prince Ribbit is heavily wounded.
Prince Ribbit hits you but does no damage.
The bullfrog hits you but does no damage.
Prince Ribbit hits you!
* * * LOW HITPOINT WARNING * * *
The bullfrog hits you but does no damage.
You miss Prince Ribbit.
Prince Ribbit is heavily wounded.
Prince Ribbit hits you!
* * * LOW HITPOINT WARNING * * *
The bullfrog completely misses you.
The bullfrog hits you but does no damage.
Prince Ribbit barely misses you.
It was a potion of invisibility.
You fade into invisibility!
The bullfrog hits you but does no damage.
Prince Ribbit hits you!
You die...

####.. ...(.
#...# #..$#
#"..# #...#
#.FF# .. #..♣#
... ..
#..!#####... ..
#........... ..
#........... ..
. #..........#
#. ..
#..........#
#.....
#........
####.......#
#.....
####.....
...####.......#
#.....
.........
......#.......#
#.....


You could see Prince Ribbit (unable to see you) and a bullfrog (unable to see
you).

Vanquished Creatures
  The ghost of zenocrate the Insei, an amateur OpTm of Gozag (D:4)
  Edmund (D:4)
  An ice beast (D:6)
  4 ogres
  Blork the orc (D:5)
  2 scorpions (D:5)
  A howler monkey (D:5)
  A hound (D:5)
  Crazy Yiuf (D:5)
  A gnoll bouda (D:5)
  A sleepcap (D:5)
  Jessica (D:3)
  An iguana (D:6)
  An orc wizard (D:4)
  A malarious merfolk avatar (Sewer)
  A sickly merfolk siren (Sewer)
  7 gnolls
  7 adders
  5 river rats (Sewer)
  2 shadow imps (D:5)
  An ufetubus (D:4)
  A worm (D:2)
  4 dart slugs
  9 orcs
  8 endoplasms
  11 giant cockroaches
  3 goblins
  6 hobgoblins
  4 jackals (D:1)
  3 kobolds
  12 quokkas
  13 ball pythons
  12 bats
  9 frilled lizards
  22 rats
159 creatures vanquished.

Notes
Turn   | Place    | Note
-------+----------+-------------------------------------------
     0 | D:1      | Newt the Demonspawn Gladiator began the quest for the Orb.
     0 | D:1      | Reached XP level 1. HP: 16/16 MP: 1/1
   161 | D:1      | Gained mutation: You regenerate a little health from kills.
                  | [demonic ancestry]
   161 | D:1      | Reached XP level 2. HP: 21/23 MP: 2/2
   700 | D:1      | Gained mutation: You have a small tail. [demonic ancestry]
   700 | D:1      | Reached XP level 3. HP: 29/29 MP: 3/3
   830 | D:1      | Found a faded altar of an unknown god.
  1383 | D:2      | Found Ychiq's Armour Boutique.
  1435 | D:2      | Reached XP level 4. HP: 38/38 MP: 4/4
  1762 | D:3      | Gained mutation: You have supernaturally acute eyesight.
                  | (SInv) [potion of mutation]
  1781 | D:3      | Reached skill level 5 in Fighting
  2238 | D:3      | Noticed Jessica
  2244 | D:3      | Killed Jessica
  2245 | D:3      | Reached XP level 5. HP: 44/44 MP: 5/5
  2467 | D:4      | Noticed an ogre
  2579 | D:4      | Found a transporter.
  2625 | D:4      | Noticed Edmund
  2658 | D:4      | Killed Edmund
  2659 | D:4      | Gained mutation: Spells you cast may paralyse adjacent
                  | enemies. [demonic ancestry]
  2659 | D:4      | Reached XP level 6. HP: 18/51 MP: 6/6
  2827 | D:4      | Noticed zenocrate's ghost (amateur OpTm)
  2980 | D:4      | Found a transporter.
  2989 | D:4      | Killed zenocrate's ghost
  2996 | D:4      | Gained mutation: Spells you cast may paralyse nearby
                  | enemies. [demonic ancestry]
  2996 | D:4      | Reached XP level 7. HP: 56/56 MP: 7/7
  3021 | D:5      | Entered Level 5 of the Dungeon
  3052 | D:5      | Noticed Blork the orc
  3054 | D:5      | HP: 1/56 [ogre/+0 giant club (29)]
  3428 | D:5      | Killed Blork the orc
  3429 | D:5      | Reached skill level 5 in Maces & Flails
  3429 | D:5      | Reached skill level 1 in Armour
  3800 | D:5      | Found an ornate altar of the Wu Jian Council.
  4304 | D:5      | Reached XP level 8. HP: 62/62 MP: 8/8
  4753 | D:5      | Found a runed translucent door.
  4754 | D:5      | Noticed Crazy Yiuf
  4758 | D:5      | Killed Crazy Yiuf
  4944 | D:6      | Found a glowing drain.
  4960 | Sewer    | Entered a sewer
  5400 | D:6      | Reached skill level 5 in Throwing
  5483 | D:6      | Noticed Prince Ribbit
  5495 | D:6      | HP: 3/93 [Prince Ribbit (11)]
  5496 | D:6      | Mangled by Prince Ribbit

Illustrated notes

Levels and vault maps discovered:
D:1:      dpeg_arrival_oval, layout_basic, chequers_ecumenical_altar_simple
D:2:      layout_loops_ring, serial_shops, shop_fountains, hangedman_decor_push,
          chequers_serial_rivers_small_a
D:3:      layout_loops_ring, uniq_jessica
D:4:      layout_rooms, gammafunk_ghost_smash, uniq_edmund
D:5:      layout_loops_corners, kennysheep_little_box,
          kennysheep_generic_room_16, uniq_blork_the_orc,
          uniq_crazy_yiuf_cottage
D:6:      layout_basic, mainiacjoe_overflow_alcove_1,
          nemelex_diamond_rough_becter, minmay_temple_entry_statues_fountains,
          gup_sewer_entry_pipe, st_stairs_2, uniq_prince_ribbit1, uniq_eustachio

Skill      XL: |  1  2  3  4  5  6  7  8 |
---------------+-------------------------+-----
Fighting       | 3 4 5 |  5.0
Short Blades   | 3 4 |  4.0
Maces & Flails | 2 4 5 |  5.2
Armour         | 4 |  4.0
Throwing       | 2 5 |  5.0
Dodging        | |  2.6

Action                     |  1- 3 |  4- 6 |  7- 9 || total
---------------------------+-------+-------+-------++-------
  Melee: Rapier            |   163 |   123 |       ||   286
         Tailslap          |     6 |    20 |    28 ||    54
         Punch             |     1 |     2 |       ||     3
         Flail             |       |    14 |       ||    14
         Great mace        |       |       |   179 ||   179
  Throw: Javelin           |       |     2 |     1 ||     3
         Throwing net      |       |     6 |       ||     6
         Dart              |       |     3 |     3 ||     6
    Use: Scroll            |     1 |     7 |     1 ||     9
         Potion            |       |     3 |     3 ||     6
   Stab: Held in net/web   |       |     5 |       ||     5
 Armour: Leather armour    |    17 |       |       ||    17
         Scale mail        |    60 |    68 |   107 ||   235
         Skin              |       |       |     8 ||     8
  Dodge: Dodged            |   111 |    69 |   133 ||   313

Table legend: (Time is in decaauts)
 A = Elapsed time spent in this place.
 B = Non-inter-level travel time spent in this place.
 C = Inter-level travel time spent in this place.
 D = Time resting spent in this place.
 E = Time spent auto-exploring this place.
 F = Levels seen in this place.
 G = Mean time per level.
                   A        B        C        D        E       F      G
               +--------+--------+--------+--------+--------+-----+--------+
         Total |   5574 |   5319 |    255 |    786 |   3348 |   7 |  796.3 |
       Dungeon |   5194 |   4939 |    255 |    786 |   3166 |   6 |  865.7 |
         Sewer |    379 |    379 |      0 |      0 |    182 |   1 |  379.0 |
               +--------+--------+--------+--------+--------+-----+--------+

Top non-repeatable levels by time:
     D:5: 1556 daAuts
     D:1: 988 daAuts
     D:4: 940 daAuts
     D:2: 774 daAuts
     D:3: 671 daAuts
   Sewer: 379 daAuts
     D:6: 263 daAuts
